 Dungeon Crawl Stone Soup version 0.29.0-5-ge4962eb29e (webtiles) character file.

Game seed: 11415429537397390384

5212 LynnLen the Covert (level 10, -16/51 HPs)
             Began as a Spriggan Enchanter on Aug 29, 2022.
             Was an Elder of Nemelex Xobeh.
             Demolished by a boulder beetle (28 damage)
             ... on level 9 of the Dungeon.
             The game lasted 00:29:56 (11531 turns).

LynnLen the Covert (Spriggan Enchanter)            Turns: 11531, Time: 00:29:57

Health: -16/51     AC:  5    Str:  4    XL:     10   Next: 35%
Magic:  20/31      EV: 16    Int: 20    God:    Nemelex Xobeh [****..]
Gold:   408        SH:  0    Dex: 17    Spells: 16/24 levels left

rFire   . . .      SeeInvis +   a - +2 dagger
rCold   . . .      Faith    .   (no shield)
rNeg    . . .      Spirit   .   C - +0 troll leather armour
rPois   .          Reflect  .   (helmet restricted)
rElec   .          Harm     .   f - +0 cloak
rCorr   .          Rampage  .   (gloves unavailable)
Will    +....                   (boots unavailable)
Stlth   ++++......              D - amulet of magic regeneration
HPRegen 0.97/turn               n - ring of magical power
MPRegen 0.62/turn               b - +4 ring of slaying

@: confusing by touch, very slightly contaminated, studying Invocations, very
quick
A: very small, no large weapons, unfitting armour, see invisible, speed 3
a: Renounce Religion, Draw Escape, Draw Destruction, Draw Summoning, Triple
Draw, Deal Four


You were on level 9 of the Dungeon.
You worshipped Nemelex Xobeh.
Nemelex Xobeh was greatly pleased with you.
You visited 1 branch of the dungeon, and saw 9 of its levels.

You collected 432 gold pieces.
You spent 24 gold pieces at shops.

Inventory:

Hand Weapons
 a - a +2 dagger (weapon)
 J - a +0 demon whip of venom
Missiles
 s - a throwing net
Armour
 f - a +0 cloak (worn)
 y - a +0 buckler
 C - a +0 troll leather armour (worn)
Jewellery
 b - a +4 ring of slaying (right hand)
 d - a ring of protection from fire
 n - a ring of magical power (left hand)
 p - a ring of resist corrosion
 D - an amulet of magic regeneration (around neck)
Wands
 g - a wand of digging (2)
 A - a wand of roots (11)
 F - a wand of paralysis (5)
 H - a wand of mindburst (15)
Scrolls
 i - 2 scrolls of blinking
 k - a scroll of amnesia
 l - 2 scrolls of immolation {unknown}
 o - a scroll of enchant weapon
 t - 2 scrolls of identify
 v - 2 scrolls of teleportation {unknown}
 z - a scroll of vulnerability
 B - a scroll of magic mapping
 G - a scroll of torment
 I - a scroll of poison
Potions
 c - a potion of invisibility
 e - 3 potions of haste
 h - a potion of berserk rage {unknown}
 j - 2 potions of flight
 m - 4 potions of might
 q - 2 potions of brilliance
 r - a potion of resistance
 u - a potion of magic
 w - a potion of lignification
 x - 2 potions of attraction
Miscellaneous
 E - a lightning rod (4/4)


   Skills:
 + Level 5.0 Fighting
 + Level 5.9 Short Blades
 - Level 2.6 Dodging
 + Level 10.5 Stealth
 + Level 7.9 Spellcasting
 + Level 8.1 Hexes
 + Level 4.8 Ice Magic
 + Level 6.5 Invocations


You had 16 spell levels left.
You knew the following spells:

 Your Spells              Type           Power      Damage    Failure   Level
a - Ensorcelled Hibernat  Hex/Ice        68%        N/A       1%          2
b - Confusing Touch       Hex            40%        N/A       1%          3
c - Tukima's Dance        Hex            40%        N/A       1%          3

Your spell library contained the following spells:

 Spells                   Type           Power      Damage    Failure   Level
 Freeze                   Ice            100%       1d11      1%          1
 Dazzling Flash           Conj/Hex       48%        N/A       9%          3
 Inner Flame              Hex/Fire       24%        N/A       9%          3
 Foxfire                  Conj/Fire      28%        2x1d5     16%         1
 Conjure Flame            Conj/Fire      7%         6-21      43%         3
 Gell's Gravitas          Tloc           7%         N/A       43%         3
 Lesser Beckoning         Tloc           7%         N/A       43%         3
 Teleport Other           Tloc           7%         N/A       43%         3
 Hailstorm                Conj/Ice       17%        3d6       50%         4
 Ice Form                 Ice/Tmut       17%        N/A       50%         4
 Summon Ice Beast         Ice/Summ       17%        N/A       50%         4
 Yara's Violent Unravell  Hex/Tmut       12%        3d7       63%         5
 Corpse Rot               Necr/Pois/Air  7%         N/A       83%         4
 Flame Wave               Conj/Fire      7%         2d5       83%         4
 Iskenderun's Mystic Bla  Conj/Tloc      7%         2d4       83%         4
 Enfeeble                 Hex            20%        N/A       99%         7
 Simulacrum               Ice/Necr       8%         N/A       100%        6
 Starburst                Conj/Fire      3%         6d3       100%        6
 Ozocubu's Refrigeration  Ice            13%        4d10      100%        7
 Borgnjor's Revivificati  Necr           3%         N/A       100%        8
 Necromutation            Tmut/Necr      3%         N/A       100%        8
 Death's Door             Necr           3%         N/A       100%        9


Dungeon Overview and Level Annotations

Branches:
Dungeon (9/15)             Temple (0/1) D:4
   Lair: D:8-11         Orc: D:9-12

Altars:
Kikubaaqudgha
Makhleb
Nemelex Xobeh
Okawaru
Qazlal
Uskayaw
Zin
The Shining One

Shops:
D:8 *

Annotations:
D:5 2 runed translucent doors
D:9 1 runed translucent door, Sabo's ghost, journeyman FoFi


Innate Abilities, Weirdness & Mutations

You are very small and have problems with some larger weapons.
You are too small for most types of armour.
You have supernaturally acute eyesight. (SInv)
You cover ground extremely quickly. (Speed+++)


Message History

The boulder beetle hits you!!
Ouch! That really hurt!
The boulder beetle stops rolling and uncurls.
Aiming: Ensorcelled Hibernation (safe; 1% risk of failure)
Press: ? - help, Q - select action, (/) - cycle Shift-Dir - straight line, f/p - boulder beetle
Aim: a boulder beetle (chance to affect: 45%)
The boulder beetle resists with some effort.
The boulder beetle completely misses you.
Unknown command.
Aiming: Ensorcelled Hibernation (safe; 1% risk of failure)
Press: ? - help, Q - select action, (/) - cycle Shift-Dir - straight line, f/p - boulder beetle
Aim: a boulder beetle (chance to affect: 45%)
The boulder beetle resists with some effort.
The boulder beetle bites you!
* * * LOW HITPOINT WARNING * * *
Aiming: Ensorcelled Hibernation (safe; 1% risk of failure)
Press: ? - help, Q - select action, (/) - cycle Shift-Dir - straight line, f/p - boulder beetle
Aim: a boulder beetle (chance to affect: 45%)
The boulder beetle resists with some effort.
The boulder beetle bites you.
* * * LOW HITPOINT WARNING * * *
Aiming: Ensorcelled Hibernation (safe; 1% risk of failure)
Press: ? - help, Q - select action, (/) - cycle Shift-Dir - straight line, f/p - boulder beetle
Aim: a boulder beetle (chance to affect: 45%)
The boulder beetle looks drowsy...
The boulder beetle closely misses you.
Okay, then.
Casting: Confusing Touch (safe; 1% risk of failure)
Press: ? - help, Q - select action, (/) - cycle Dir - look around, f - activate You miscast Confusing Touch.
You are very lightly contaminated with residual magic.
Nothing appears to happen.
The boulder beetle misses you.
Casting: Confusing Touch (safe; 1% risk of failure)
Press: ? - help, Q - select action, (/) - cycle Dir - look around, f - activate Your hands begin to glow red.
The boulder beetle bites you!!
Ouch! That really hurt!
You die...
Your body glows slightly and disappears.

...#...#.....#..# ######
#'###'########.## ######.....
........#......# ####..........
.......))......# ###.............
......).#.....[###......##.......
........#......##......######8...
##############.#.....### ###.#
#.B.....# #... ###@..### #._.
##### #... ####


You could see a boulder beetle.

Vanquished Creatures
  Amaemon (D:9)
  An orange demon (D:9)
  2 trolls
  Grinder (D:3)
  Sigmund (D:2)
  4 yaks (D:9)
  A wyvern (D:9)
  A steam dragon (D:9)
  An orc warrior (D:9)
  A black bear (D:6)
  An ogre (D:5)
  4 centaurs
  4 phantoms
  A kobold brigand (D:9)
  A necrophage (D:5)
  A bullfrog (D:7)
  A gnoll sergeant (D:6)
  11 killer bees (D:9)
  3 jellies
  5 howler monkeys
  4 hounds
  2 orc priests
  3 iron imps (D:8)
  Ijyb (D:5)
  5 iguanas
  6 orc wizards
  5 gnolls
  10 adders
  A shadow imp (D:6)
  An ufetubus (D:5)
  3 dart slugs
  A worm (D:5)
  32 orcs
  14 ball pythons
  4 endoplasms
  6 giant cockroaches
  10 goblins
  6 hobgoblins
  15 jackals
  5 quokkas
  6 bats
  3 frilled lizards
  9 kobolds
  2 rats
200 creatures vanquished.

Vanquished Creatures (collateral kills)
  2 gnolls (D:4)
  2 orcs (D:7)
4 creatures vanquished.

Vanquished Creatures (others)
  2 dancing weapons
2 creatures vanquished.

Grand Total: 206 creatures vanquished

Notes
Turn   | Place    | Note
-------+----------+-------------------------------------------
     0 | D:1      | LynnLen the Spriggan Enchanter began the quest for the Orb.
     0 | D:1      | Reached XP level 1. HP: 9/9 MP: 5/5
   416 | D:1      | Reached XP level 2. HP: 12/14 MP: 6/6
   993 | D:1      | Learned a level 2 spell: Ensorcelled Hibernation
  1051 | D:1      | Found a faded altar of an unknown god.
  1296 | D:1      | Reached skill level 5 in Stealth
  1296 | D:1      | Reached XP level 3. HP: 8/17 MP: 8/8
  1763 | D:1      | Reached skill level 1 in Fighting
  1938 | D:2      | Noticed Sigmund
  2093 | D:2      | Found a sparkling altar of Nemelex Xobeh.
  2103 | D:2      | Became a worshipper of Nemelex Xobeh the Trickster
  2179 | D:2      | Killed Sigmund
  2180 | D:2      | Reached skill level 1 in Ice Magic
  2180 | D:2      | Reached XP level 4. HP: 20/23 MP: 9/11
  2180 | D:2      | Reached XP level 5. HP: 22/26 MP: 9/12
  2184 | D:2      | Learned a level 3 spell: Confusing Touch
  2188 | D:2      | Learned a level 3 spell: Tukima's Dance
  2465 | D:2      | Reached skill level 6 in Stealth
  3101 | D:2      | HP: 1/26 [frozen (3)]
  3976 | D:2      | Reached XP level 6. HP: 16/30 MP: 13/13
  4218 | D:3      | You fall into a shaft and drop 3 floors!
  4247 | D:6      | Reached skill level 5 in Hexes
  4286 | D:6      | Noticed a troll
  4304 | D:6      | Killed a troll
  4470 | D:5      | Entered Level 5 of the Dungeon
  4470 | D:5      | Reached * piety under Nemelex Xobeh
  4494 | D:4      | Found an iron altar of Okawaru.
  4515 | D:3      | Reached XP level 7. HP: 35/35 MP: 15/15
  4523 | D:3      | Identified the +0 robe of Untold Secrets {rN+ Int+3}
  4547 | D:3      | Received a gift from Nemelex Xobeh
  4690 | D:3      | Found a hide-covered altar of Uskayaw.
  4765 | D:3      | Noticed Grinder
  4784 | D:3      | Killed Grinder
  4785 | D:3      | Reached skill level 7 in Stealth
  4785 | D:3      | Reached skill level 5 in Spellcasting
  5130 | D:3      | Reached ** piety under Nemelex Xobeh
  5477 | D:4      | Found a staircase to the Ecumenical Temple.
  6348 | D:5      | Found a large runed translucent door.
  6358 | D:5      | Found a large runed translucent door.
  6358 | D:5      | Noticed a troll
  6362 | D:5      | Received a gift from Nemelex Xobeh
  6403 | D:5      | Reached XP level 8. HP: 12/40 MP: 17/17
  6939 | D:5      | Reached skill level 1 in Invocations
  7013 | D:5      | Found a stormy altar of Qazlal.
  7035 | D:5      | Reached skill level 8 in Stealth
  7131 | D:5      | Found a large runed translucent door.
  7131 | D:5      | Found a large runed translucent door.
  7369 | D:5      | Noticed Ijyb
  7376 | D:5      | Killed Ijyb
  7404 | D:5      | Received a gift from Nemelex Xobeh
  7905 | D:5      | Killed a troll
  8150 | D:6      | Identified a scroll of acquirement
  8151 | D:6      | Acquired the Exposition on Gelid Envenoming
  8257 | D:6      | Reached XP level 9. HP: 45/45 MP: 19/19
  8332 | D:6      | Reached *** piety under Nemelex Xobeh
  8345 | D:6      | Found a glowing silver altar of Zin.
  8464 | D:6      | Identified the +1 pair of gloves of the Desolation of Salt
                  | {rF- rC++ Int+4 Dex-2}
  8595 | D:6      | Found an ancient bone altar of Kikubaaqudgha.
  8688 | D:6      | Reached skill level 9 in Stealth
  9172 | D:7      | Received a gift from Nemelex Xobeh
  9808 | D:8      | Found Dyottev's General Store.
  9816 | D:8      | Bought a scroll of identify for 24 gold pieces
 10153 | D:8      | Reached **** piety under Nemelex Xobeh
 10208 | D:8      | Received a gift from Nemelex Xobeh
 10413 | D:8      | Found a burning altar of Makhleb.
 10738 | D:9      | Reached skill level 5 in Short Blades
 10800 | D:9      | Reached skill level 5 in Invocations
 10934 | D:9      | Noticed a seven-headed hydra
 10946 | D:9      | Noticed a centaur warrior
 11007 | D:9      | Found a glowing golden altar of the Shining One.
 11122 | D:9      | Reached skill level 10 in Stealth
 11122 | D:9      | Reached XP level 10. HP: 51/51 MP: 22/22
 11184 | D:9      | Found a runed translucent door.
 11187 | D:9      | Noticed Sabo's ghost (journeyman FoFi)
 11219 | D:9      | Noticed Amaemon
 11219 | D:9      | Noticed an orange demon
 11221 | D:9      | Killed an orange demon
 11249 | D:9      | Killed Amaemon
 11339 | D:9      | Reached skill level 5 in Fighting
 11396 | D:9      | Noticed a death knight
 11505 | D:9      | Noticed a boulder beetle
 11531 | D:9      | Demolished by a boulder beetle

Illustrated notes

Levels and vault maps discovered:
D:1:      dpeg_arrival_oval, layout_basic,
          shapermc_ecumenical_altar_mp_urbaneastern, glass_columns_a
D:2:      layout_basic, basic_altar, serial_bayou_crossing, uniq_sigmund
D:3:      layout_rooms, old_standard_altar, cheibrodos_sewer_entry_drain,
          uniq_grinder
D:4:      layout_loops_ring, okawaru_gym_becter,
          minmay_temple_entry_glassed_door
D:5:      layout_basic, mainiacjoe_overflow_alcove_1,
          minmay_hollow_rounded_squares, uniq_ijyb
D:6:      layout_loops_ring, mainiacjoe_overflow_six_doors_small, zin_statuary
D:7:      layout_loops_ring, sigmund_army
D:8:      layout_basic, demons_altar, serial_shops, shop
D:9:      minmay_the_grid_triangle_9x9_rhombus_thin_mashed
          [minmay_the_grid_triangle_9x9_alien,
          minmay_the_grid_triangle_9x9_prize_insulated,
          minmay_the_grid_triangle_9x9_empty,
          minmay_the_grid_triangle_9x9_checkered], layout_grid_maze,
          nicolae_gozag_cash_rules_everything_around_me,
          nicolae_tso_carved_into_rock, hellmonk_ghost_happy_afterlife,
          serial_bayou_pond_d, uniq_amaemon

Skill      XL: |  1  2  3  4  5  6  7  8  9 10 |
---------------+-------------------------------+-----
Spellcasting   | 3 4 5 6 7 |  7.9
Hexes          | 4 5 6 7 8 |  8.1
Stealth        | 5 6 7 8 10 | 10.5
Fighting       | 1 2 3 4 5 |  5.0
Ice Magic      | 1 2 3 4 |  4.8
Short Blades   | 2 3 4 5 |  5.9
Invocations    | 3 5 6 |  6.5
Dodging        | |  2.6

Action                   |  1- 3 |  4- 6 |  7- 9 | 10-12 || total
-------------------------+-------+-------+-------+-------++-------
Melee: Dagger            |   114 |    75 |   395 |    15 ||   599
       Punch             |     5 |     2 |     6 |       ||    13
 Cast: Ensorcelled Hiber |       |    10 |    79 |    17 ||   106
       Tukima's Dance    |       |       |    11 |       ||    11
       Confusing Touch   |       |       |    13 |     2 ||    15
  Use: Scroll            |     2 |     1 |    17 |       ||    20
       Potion            |     2 |       |     2 |     2 ||     6
 Stab: Sleeping          |     8 |    16 |    65 |     9 ||    98
       Distracted        |       |     1 |       |       ||     1
       Confused          |       |       |    12 |       ||    12
       Invisible         |       |       |       |     1 ||     1
Armor: Robe              |    18 |    16 |    25 |       ||    59
       Troll leather arm |       |       |    17 |     8 ||    25
Dodge: Dodged            |    90 |    63 |   227 |    21 ||   401
